 Dungeon Crawl Stone Soup version 0.29.1-2-gbd0b4ee654 (webtiles) character file.

Game seed: 4346753745488240100

223 Ivernyr the Insei (level 6, -4/38 HPs)
             Began as an Octopode Transmuter on Oct 29, 2022.
             Slain by Menkaure (12 damage)
             ... on level 4 of the Dungeon.
             The game lasted 00:05:37 (2858 turns).

Ivernyr the Insei (Octopode Transmuter)             Turns: 2858, Time: 00:05:37

Health: -4/38      AC:  2    Str:  9    XL:     6   Next: 0%
Magic:  8/11       EV: 20    Int: 17    God:
Gold:   143        SH:  0    Dex: 18    Spells: 6/12 levels left

rFire   . . .      SeeInvis .     - Unarmed
rCold   . . .      Faith    .   (shield currently unavailable)
rNeg    . . .      Spirit   .   (helmet currently unavailable)
rPois   x          Reflect  .   h - amulet of the acrobat
rElec   .          Harm     .   i - ring of wizardry
rCorr   .          Rampage  .   (no ring)
Will    .....                   (no ring)
Stlth   ++........              (no ring)
HPRegen 0.12/turn               (no ring)
MPRegen 0.12/turn               (no ring)
                                (no ring)
                                (no ring)

@: spider-form (expiring)
A: venomous fangs, almost no armour, (amphibious), 8 rings, tiny, (camouflage
1), (gelatinous body 1), (nimble swimmer 1), (tentacles)
a: End Transformation


You were on level 4 of the Dungeon.
You were a venomous arachnid creature.
You visited 1 branch of the dungeon, and saw 6 of its levels.

You collected 143 gold pieces.

Inventory:

Jewellery
 h - an amulet of the acrobat (around neck)
 i - a ring of wizardry (left front leg)
 p - an amulet of faith
Scrolls
 k - a scroll of blinking {unknown}
 l - 2 scrolls of identify {unknown}
 o - a scroll of enchant weapon {unknown}
 q - a scroll of amnesia {unknown}
Potions
 a - a potion of lignification
 b - a potion of flight {unknown}
 c - a potion of degeneration {unknown}
 d - a potion of invisibility {unknown}
 e - a potion of might {unknown}
 f - a potion of cancellation {unknown}
 g - a potion of haste {unknown}
 j - 3 potions of curing {unknown}
 m - a potion of heal wounds {unknown}
 n - a potion of attraction {unknown}


   Skills:
 - Level 1.0 Fighting
 + Level 3.1 Dodging
 + Level 3.9 Unarmed Combat
 * Level 3.8 Spellcasting
 + Level 3.2 Transmutations


You had 6 spell levels left.
You knew the following spells:

 Your Spells              Type           Power      Damage    Failure   Level
a - Beastly Appendage     Tmut           28%        N/A       5%          1
b - Wereblood             Tmut           14%        N/A       7%          2
c - Spider Form           Tmut/Pois      8%         N/A       21%         3

Your spell library contained the following spells:

 Spells                   Type           Power      Damage    Failure   Level
 Ice Form                 Ice/Tmut       8%         N/A       47%         4
 Fireball                 Conj/Fire      1%         3d3       92%         5
 Iskenderun's Battlesphe  Conj           3%         2d6       92%         5
 Conjure Ball Lightning   Conj/Air       1%         3x3d6     100%        6
 Orb of Destruction       Conj           1%         9d5       100%        7


Dungeon Overview and Level Annotations

Branches:
Dungeon (6/15)
 Temple: D:4-7

Altars:
Hepliaklqana
Okawaru

Shops:
D:1 *   D:3 :(

Annotations:
D:4 Menkaure
D:5 Blork the orc


Innate Abilities, Weirdness & Mutations

You are a venomous arachnid creature.
You have poisonous fangs.
You are tiny and dextrous.
Your spellcasting is less reliable in this form.
Your armour is entirely melded.
You are incapable of wielding weapons or throwing items.
You cannot wear most types of armour.
((You are amphibious.))
You can wear up to eight rings at the same time.
((Your skin changes colour to match your surroundings (Stealth+).))
((Your rubbery body absorbs attacks. (AC +1, EV +1)))
((You are camouflaged when in or above water. (Stealth+)))
((You have tentacles for arms and can constrict up to eight enemies at once.))


Message History

The ball python completely misses you. x2; The ball python bites you.
* * * LOW HITPOINT WARNING * * *
The ball python completely misses you.
The ball python attacks as you move away!
The ball python completely misses you. x2
You tentacle-slap the ball python.
You kill the ball python!
You have reached level 6!
You see here a howler monkey corpse.
You start resting.
Menkaure is nearby!
Casting: Spider Form (dangerous; 11% risk of failure)
Confirm with . or Enter, or press ? or * to list all spells.
You turn into a venomous arachnid creature.
Menkaure shouts!
You hit Menkaure.
Menkaure is lightly damaged.
You bite Menkaure!
Menkaure is moderately damaged.
Your transformation is almost over.
Menkaure gestures at you while chanting.
Pain shoots through your body!
* * * LOW HITPOINT WARNING * * *
You hit Menkaure.
Menkaure is heavily damaged.
Menkaure closely misses you.
You barely miss Menkaure.
Menkaure is heavily damaged.
Menkaure completely misses you.
You hit Menkaure.
Menkaure is heavily damaged.
Unknown command.
You hit Menkaure.
Menkaure is heavily damaged.
Menkaure gestures at you while chanting.
You barely resist. You completely miss Menkaure.
Menkaure is heavily damaged.
Menkaure hits you!
You die...

### ## #.## ###.
##..###... ##...#...^.
####...##.....
##..........###
#......####.#
####..#...####.###
#s##.##...##.....#
#.M...†...##..?..#
#..........#>......_...
##......#####.###.....#
#......# #.# #.....#
#........ ..# ###.###
..#...... ...# #.#
#.#...........# #.. .
#.##......... .....


You could see Menkaure.

Vanquished Creatures
  2 scorpions
  A howler monkey (D:4)
  Ijyb (D:4)
  An adder (D:2)
  A worm (D:2)
  A dart slug (D:2)
  An orc (D:3)
  3 endoplasms
  2 giant cockroaches (D:1)
  5 goblins
  7 hobgoblins
  3 jackals (D:1)
  A quokka (D:1)
  8 ball pythons
  3 bats (D:1)
  2 frilled lizards (D:1)
  A kobold (D:2)
  3 rats
46 creatures vanquished.

Notes
Turn   | Place    | Note
-------+----------+-------------------------------------------
     0 | D:1      | Ivernyr the Octopode Transmuter began the quest for the
                  | Orb.
     0 | D:1      | Reached XP level 1. HP: 13/13 MP: 3/3
   165 | D:1      | Reached XP level 2. HP: 18/18 MP: 5/5
   507 | D:1      | Found Xokhlin's Assorted Antiques.
   635 | D:1      | Learned a level 2 spell: Wereblood
  1167 | D:1      | Reached XP level 3. HP: 22/23 MP: 6/6
  1266 | D:2      | Learned a level 3 spell: Spider Form
  2211 | D:3      | Found Himuczubli's Book Shoppe.
  2298 | D:3      | Found Gicwisu's Antique Weapon Shop.
  2424 | D:3      | Reached XP level 4. HP: 28/28 MP: 8/8
  2514 | D:3      | Found a hazy altar of Hepliaklqana.
  2565 | D:3      | You fall into a shaft and drop 3 floors!
  2601 | D:5      | Entered Level 5 of the Dungeon
  2610 | D:5      | Noticed a scorpion
  2627 | D:5      | Noticed Blork the orc
  2650 | D:5      | Killed a scorpion
  2665 | D:4      | Found an iron altar of Okawaru.
  2669 | D:4      | Reached XP level 5. HP: 32/33 MP: 7/10
  2786 | D:4      | Noticed Menkaure
  2786 | D:4      | Noticed Ijyb
  2795 | D:4      | Killed Ijyb
  2830 | D:4      | Reached XP level 6. HP: 8/38 MP: 11/11
  2858 | D:4      | Slain by Menkaure

Illustrated notes

Levels and vault maps discovered:
D:1:      lemuel_arrival_cross, layout_basic, serial_shops, shop, st_stairs_9
D:2:      layout_basic, minmay_statues_item, small_statue_intersection
D:3:      layout_basic, mainiacjoe_overflow_six_doors_small, serial_shops,
          nicolae_shop_stone, shop, uniq_jessica
D:4:      minmay_razor_zed, layout_cave_pools, nicolae_overflow_crystal_walls,
          serial_park_tiny_pond, uniq_menkaure, uniq_natasha, uniq_robin,
          uniq_ijyb
D:5:      layout_loops_ring, uniq_blork_the_orc
D:6:      layout_loops_ring, lightli_temple_of_fire, serial_shops,
          kennysheep_mini_moat, uniq_maggie

Skill      XL: |  1  2  3  4  5 |
---------------+----------------+-----
Spellcasting   | 3 |  3.8
Transmutations | 3 |  3.2
Dodging        | 3 |  3.1
Fighting       | |  1.0
Unarmed Combat | |  3.9

Action                   |  1- 3 |  4- 6 || total
-------------------------+-------+-------++-------
Melee: Unarmed           |    78 |    25 ||   103
       Constrict         |    24 |     1 ||    25
       Tentacles         |    20 |     3 ||    23
       Kick              |     2 |       ||     2
       Punch             |     1 |       ||     1
 Cast: Beastly Appendage |     4 |       ||     4
       Spider Form       |       |     4 ||     4
 Stab: Sleeping          |    15 |       ||    15
Armor: Skin              |     8 |     1 ||     9
Dodge: Dodged            |    37 |    31 ||    68
